 Dungeon Crawl Stone Soup version 0.20.1-1-g8b1a95d (webtiles) character file.

44 torrenera the Sneak (level 3, -2/16 HPs)
             Began as a Vine Stalker Enchanter on Aug 30, 2017.
             Was an Initiate of Cheibriados.
             Slain by Jessica
             ... wielding a +0 dagger
              (3 damage)
             ... on level 2 of the Dungeon.
             The game lasted 00:01:53 (1221 turns).

torrenera the Sneak (Vine Stalker Enchanter)        Turns: 1221, Time: 00:01:53

Health: -2/16      AC:  2    Str: 11    XL:     3   Next: 62%
Magic:  0/7        EV: 12    Int: 16    God:    Cheibriados [......]
Gold:   60         SH:  0    Dex: 16    Spells: 5/6 levels left

rFire    . . .     SeeInvis .   a - +1 dagger
rCold    . . .     Gourm    .   (no shield)
rNeg     . . .     Faith    .   b - +0 robe
rPois    .         Spirit   +   (no helmet)
rElec    .         Reflect  .   (no cloak)
rCorr    .         Harm     .   (no gloves)
MR       .....                  (no boots)
Stlth    +++.......             (no amulet)
Regen    0.1/turn               (no ring)
MPRegen  0.1/turn               (no ring)

@: slow
A: fangs 2, magic shield, antimagic bite, no potion heal 3, rot immunity
a: Bend Time, Renounce Religion


You were on level 2 of the Dungeon.
You worshipped Cheibriados.
Cheibriados was noncommittal.
You were not hungry.

You visited 1 branch of the dungeon, and saw 2 of its levels.

You collected 60 gold pieces.

Inventory:

Hand Weapons
 a - a +1 dagger (weapon)
Missiles
 e - 93 stones (quivered)
Armour
 b - a +0 robe (worn)
Jewellery
 n - an uncursed ring of stealth {unknown}
Scrolls
 i - 3 scrolls of identify {unknown}
 k - a scroll of teleportation {unknown}
 l - 2 scrolls of magic mapping {unknown}
 p - 2 scrolls of amnesia {unknown}
 q - a scroll of recharging {unknown}
Potions
 f - a potion of cancellation {unknown}
 j - a potion of brilliance {unknown}
 m - a potion of ambrosia {unknown}
 o - a potion of curing {unknown}
Books
 c - a book of Maledictions

   Spells                             Type                      Level
   a - Corona                         Hexes                        1
   b - Ensorcelled Hibernation        Hexes/Ice                    2
   c - Confuse                        Hexes                        3
   d - Tukima's Dance                 Hexes                        3
   e - Dazzling Spray                 Conjuration/Hexes            3
Comestibles
 d - a bread ration
 g - 2 meat rations
 h - a chunk of flesh


   Skills:
 * Level 2.4 Short Blades
 - Level 1.5 Dodging
 + Level 4.5 Stealth
 - Level 2.1 Spellcasting
 - Level 3.0 Hexes


You had 5 spell levels left.
You knew the following spells:

 Your Spells              Type           Power        Failure   Level  Hunger
a - Corona                Hex            ##.....      6%          1    #......


Dungeon Overview and Level Annotations

Branches:
Dungeon (2/15)

Altars:
Cheibriados

Annotations:
D:2 Jessica


Innate Abilities, Weirdness & Mutations

You have extremely sharp teeth.
When hurt, damage is shared between your health and your magic reserves.
Your bite disrupts and absorbs the magic of your enemies.
Potions cannot restore your health.
You are immune to rotting.


Message History

You barely miss Jessica. You bite Jessica, but do no damage.
Jessica hits you with a dagger.
You hit Jessica.
Jessica is moderately wounded.
Jessica hits you with a dagger.
You hit Jessica. Your bite misses Jessica.
Jessica is moderately wounded.
Jessica stops glowing.
Jessica barely misses you.
You hit Jessica but do no damage. Your bite misses Jessica.
Jessica is moderately wounded.
You hit Jessica but do no damage. You bite Jessica, but do no damage.
Jessica is moderately wounded.
Jessica casts a spell at you. Pain shoots through your body!
Ouch! That really hurt!
* * * LOW HITPOINT WARNING * * *
You hit Jessica but do no damage. You bite Jessica, but do no damage.
Jessica is moderately wounded.
Jessica hits you with a dagger.
You die...

#.# #.# #.# #.# #..
### ##########
######## #.........
#..@@..#####.#######.
#.####.......# #. #.#
######### #. #.# #.
#.# #. ... #########
#### .@.
#>......###... #.#.#
#.......##..## #. ..
#.......#.....


You could see Jessica.

Vanquished Creatures
  An adder (D:2)
  A dart slug (D:1)
  2 leopard geckos
  2 bats (D:1)
  4 hobgoblins
  A quokka (D:2)
  A ball python (D:1)
  3 frilled lizards (D:1)
  6 goblins (D:1)
  5 kobolds (D:1)
  4 rats
30 creatures vanquished.

Notes
Turn   | Place    | Note
-------+----------+-------------------------------------------
     0 | D:1      | torrenera the Vine Stalker Enchanter began the quest for the Orb.
     0 | D:1      | Reached XP level 1. HP: 9/9 MP: 4/4
     3 | D:1      | Noticed an electric eel
     3 | D:1      | Noticed an electric eel
    10 | D:1      | Reached skill level 1 in Short Blades
   128 | D:1      | Reached skill level 4 in Stealth
   155 | D:1      | Reached XP level 2. HP: 9/13 MP: 6/6
   817 | D:1      | Reached XP level 3. HP: 16/16 MP: 7/7
  1010 | D:2      | Found a snail-covered altar of Cheibriados.
  1085 | D:2      | Became a worshipper of Cheibriados the Contemplative
  1206 | D:2      | Noticed Jessica
  1221 | D:2      | Slain by Jessica

Skill      XL: |  1  2 |
---------------+-------+-----
Short Blades   | 1 2 |  2.4
Stealth        | 4 |  4.5
Dodging        | |  1.5
Spellcasting   | |  2.1
Hexes          | |  3.0

Action                   || total
-------------------------++-------
Melee: Dagger            ||    89
       Bite              ||    19
 Cast: Corona            ||     1
 Stab: Sleeping          ||     8
  Eat: Chunk             ||     1
Armor: Robe              ||    14
Dodge: Dodged            ||    54
